Map: Slaying Fields

Players

Rugi - Winner!

  • Race: Zerg Zerg
  • League: Master
  • Spawn Location: 12:00

Loken - Winner!

  • Race: Protoss Protoss
  • League: Platinum
  • Spawn Location: 9:00

dallaskuken - Winner!

  • Race: Protoss Protoss
  • League: Platinum
  • Spawn Location: 11:00

Tofudoe

  • Race: Protoss Protoss
  • Spawn Location: 6:00

Ghazi

  • Race: Zerg Zerg
  • League: Diamond
  • Spawn Location: 5:00

Nadim

  • Race: Terran Terran
  • Spawn Location: 3:00

VOD

Have the link to the VOD?

Description

Time

  • Played on: March 30, 2017, 6:25 p.m.
  • Length: 14:58
Show
View Real Time Build Order
Export as new Build Order

Rugi Zerg - Winner!

Build Orders: Hatch First, Muta Ling Bane 

Get SALT Encoding   

  12  0:00  Drone  
  13  0:12  Overlord  
  13  0:23  Drone  
  14  0:30  Drone x2  
  14  0:35  Drone  
  17  0:53  Hatchery  
  17  0:55  Drone  
  17  0:59  Drone  
  17  1:01  Extractor  
  17  1:16  Spawning Pool  
  17  1:17  Drone  
  17  1:20  Drone  
  18  1:28  Drone  
  19  1:44  Overlord  
  19  2:04  Queen x2  
  19  2:05  Zergling x6  
  19  2:07  Metabolic Boost  
  26  2:13  Drone  
  27  2:19  Drone  
  28  2:23  Drone  
  29  2:33  Drone x2  
  29  2:36  Overlord  
  31  2:44  Queen  
  31  2:46  Queen  
  35  2:53  Drone  
  36  2:58  Drone x2  
  36  2:59  Drone  
  36  3:04  Drone  
  40  3:12  Drone x4  
  44  3:17  Overlord  
  44  3:20  Overlord  
  44  3:31  Overlord  
  44  3:36  Zergling x2  
  44  3:37  Zergling x4  
  47  3:52  Drone x3  
  50  3:56  Drone x7  
  57  4:03  Drone  
  57  4:05  Extractor x2  
  57  4:06  Lair  
  57  4:09  Drone, Evolution Chamber  
  56  4:11  Evolution Chamber  
  56  4:13  Hatchery  
  54  4:33  Drone x5  
  54  4:35  Extractor  
  58  4:39  Zerg Melee Weapons Level 1  
  58  4:42  Zergling x2  
  58  4:43  Zergling x4  
  58  4:44  Overlord  
  58  4:45  Overlord  
  61  4:47  Zerg Ground Armor Level 1  
  61  5:07  Spore Crawler  
  61  5:08  Drone x2, Baneling Nest  
  61  5:09  Spine Crawler  
  61  5:11  Drone  
  61  5:17  Spire  
  60  5:25  Drone  
  60  5:26  Drone x8  
  69  5:36  Drone x5  
  74  5:43  Drone x2, Extractor  
  74  5:46  Drone, Extractor  
  75  5:53  Overseer, Centrifical Hooks  
  75  5:59  Drone x6  
  75  6:00  Drone  
  80  6:17  Baneling  
  80  6:18  Baneling x2  
  77  6:28  Mutalisk  
  77  6:29  Mutalisk x4  
  84  6:46  Overlord x3  
  84  6:47  Overlord  
  83  6:55  Hatchery, Mutalisk  
  84  7:03  Overseer  
  84  7:11  Zergling x8  
  84  7:12  Zergling x2  
  89  7:35  Zergling x2  
  89  7:36  Zergling x10  
  96  7:44  Drone x3  
  96  7:45  Drone x2  
  100  7:53  Hatchery  
  96  8:03  Baneling x9  
  96  8:04  Mutalisk x3  
  79  8:14  Zergling x2  
  79  8:15  Zergling x8  
  74  8:27  Mutalisk x3  
  33  9:16  Hatchery  
  30  9:29  Hatchery  
  29  9:32  Hatchery  
  28  10:07  Drone  
  24  11:28  Drone x2  
  25  12:27  Hatchery  
  24  12:37  Hatchery  
  11  14:11  Drone x3  
Show
View Real Time Build Order
Export as new Build Order

Loken Protoss - Winner!

Build Orders: Oracle Opening 

Get SALT Encoding   

  12  0:01  Probe (Chrono Boost)  
  13  0:12  Probe (Chrono Boost)  
  14  0:22  Pylon  
  14  0:26  Probe (Chrono Boost)  
  15  0:40  Probe (Chrono Boost)  
  16  0:43  Gateway  
  16  0:51  Probe (Chrono Boost)  
  17  0:59  Assimilator  
  17  1:07  Probe (Chrono Boost)  
  18  1:18  Probe (Chrono Boost)  
  19  1:28  Probe (Chrono Boost)  
  20  1:39  Probe (Chrono Boost)  
  21  1:41  Cybernetics Core  
  21  1:44  Pylon  
  21  1:47  Pylon  
  21  1:52  Assimilator, Probe (Chrono Boost)  
  22  2:02  Probe (Chrono Boost)  
  23  2:14  Stalker  
  25  2:28  Pylon  
  25  2:30  Warp Gate  
  25  2:37  Stargate  
  25  2:41  Stalker  
  27  3:12  Gateway x2  
  27  3:14  Gateway  
  27  3:21  Oracle  
  27  3:22  Zealot  
  32  3:29  Pylon  
  32  3:45  Nexus  
  32  3:58  Void Ray  
  36  4:43  Void Ray  
  40  4:50  Stalker x3  
  40  4:51  Stalker  
  48  5:18  Stalker x3  
  54  5:23  Probe (Chrono Boost)  
  56  5:29  Probe (Chrono Boost)  
  56  5:33  Probe (Chrono Boost)  
  57  5:44  Probe (Chrono Boost)  
  55  6:07  Stalker x3  
  55  6:08  Stalker  
  63  6:20  Probe (Chrono Boost)  
  63  6:23  Probe (Chrono Boost)  
  65  6:30  Probe (Chrono Boost)  
  64  6:34  Probe (Chrono Boost)  
  65  6:41  Probe (Chrono Boost)  
  65  6:44  Probe (Chrono Boost)  
  62  6:51  Probe (Chrono Boost)  
  63  6:55  Probe (Chrono Boost)  
  64  7:02  Probe (Chrono Boost)  
  64  7:08  Gateway  
  65  7:09  Gateway  
  65  7:11  Gateway  
  65  7:12  Gateway  
  65  7:14  Gateway  
  65  7:16  Probe (Chrono Boost)  
  65  7:20  Assimilator  
  66  7:24  Assimilator  
  66  7:27  Pylon, Probe (Chrono Boost)  
  66  7:29  Cybernetics Core  
  67  7:33  Pylon  
  67  7:37  Forge, Probe (Chrono Boost)  
  67  7:43  Forge  
  68  7:48  Probe (Chrono Boost)  
  70  7:58  Probe (Chrono Boost)  
  65  8:09  Probe (Chrono Boost)  
  66  8:19  Probe (Chrono Boost)  
  67  8:30  Probe (Chrono Boost)  
  68  8:35  Stalker x5  
  68  8:37  Stalker  
  80  9:04  Stalker x2  
  80  9:05  Stalker  
  86  9:18  Nexus  
  86  9:23  Pylon x2  
  86  9:25  Pylon  
  86  9:47  Twilight Council  
  86  10:04  Stalker x4  
  94  10:34  Forge  
  88  10:48  Stalker x3  
  88  10:49  Stalker x2  
  42  11:19  Dark Shrine  
  42  11:44  Zealot x2, Nexus  
  42  11:45  Zealot x4  
  15  12:32  Dark Templar x6  
  27  13:10  Probe (Chrono Boost)  
  28  13:21  Probe (Chrono Boost)  
  17  13:31  Probe (Chrono Boost)  
  6  14:04  Probe (Chrono Boost)  
Show
View Real Time Build Order
Export as new Build Order

dallaskuken Protoss - Winner!

Build Orders: 1 Gate Expand 

Get SALT Encoding   

  12  0:01  Probe (Chrono Boost)  
  13  0:12  Probe (Chrono Boost)  
  14  0:18  Pylon  
  14  0:23  Probe (Chrono Boost)  
  15  0:37  Gateway  
  15  0:47  Probe (Chrono Boost)  
  16  0:58  Probe (Chrono Boost)  
  17  1:10  Nexus  
  17  1:19  Probe (Chrono Boost)  
  18  1:26  Cybernetics Core  
  18  1:47  Zealot  
  20  1:49  Forge  
  20  1:51  Pylon  
  20  1:55  Assimilator  
  20  1:59  Probe (Chrono Boost)  
  20  2:00  Assimilator  
  21  2:09  Probe (Chrono Boost)  
  22  2:20  Probe (Chrono Boost)  
  23  2:26  Probe (Chrono Boost)  
  24  2:36  Probe (Chrono Boost)  
  25  2:47  Probe (Chrono Boost)  
  26  2:52  Zealot  
  28  3:06  Probe (Chrono Boost)  
  28  3:07  Pylon  
  29  3:15  Stargate  
  29  3:17  Probe (Chrono Boost)  
  31  3:20  Probe (Chrono Boost)  
  31  3:23  Assimilator  
  31  3:25  Assimilator  
  31  3:26  Stalker  
  33  3:30  Probe (Chrono Boost)  
  34  3:34  Photon Cannon  
  34  3:37  Photon Cannon  
  34  3:41  Probe (Chrono Boost)  
  35  3:50  Probe (Chrono Boost)  
  35  3:51  Probe (Chrono Boost)  
  37  3:58  Stalker  
  37  4:00  Void Ray  
  37  4:01  Probe (Chrono Boost)  
  37  4:02  Probe (Chrono Boost)  
  45  4:11  Probe (Chrono Boost)  
  45  4:12  Probe (Chrono Boost)  
  47  4:19  Pylon  
  47  4:22  Pylon, Probe (Chrono Boost)  
  47  4:23  Probe (Chrono Boost)  
  49  4:30  Stalker  
  51  4:32  Probe (Chrono Boost)  
  52  4:43  Void Ray, Probe (Chrono Boost)  
  57  4:54  Fleet Beacon  
  57  5:10  Stargate  
  57  5:12  Stargate  
  57  5:26  Photon Cannon  
  57  5:28  Nexus  
  57  5:29  Photon Cannon  
  57  5:30  Void Ray  
  57  5:31  Pylon  
  61  5:39  Pylon  
  61  5:42  Mothership Core (Chrono Boost)  
  63  5:52  Probe (Chrono Boost)  
  64  6:01  Probe (Chrono Boost)  
  64  6:02  Probe (Chrono Boost)  
  73  6:11  Probe (Chrono Boost)  
  73  6:12  Carrier  
  73  6:13  Probe (Chrono Boost)  
  80  6:22  Probe (Chrono Boost)  
  80  6:23  Probe (Chrono Boost)  
  82  6:32  Probe (Chrono Boost)  
  79  6:34  Probe (Chrono Boost)  
  66  6:47  Carrier  
  70  6:57  Gateway  
  70  7:00  Carrier  
  70  7:05  Probe (Chrono Boost)  
  78  7:16  Probe (Chrono Boost)  
  78  7:33  Protoss Air Weapons Level 1  
  78  7:40  Assimilator  
  78  7:41  Pylon  
  78  7:43  Assimilator, Pylon  
  78  7:45  Pylon  
  78  7:50  Photon Cannon  
  78  7:53  Photon Cannon  
  78  7:54  Carrier  
  78  7:55  Photon Cannon  
  78  7:57  Photon Cannon  
  78  7:58  Photon Cannon  
  81  8:16  Carrier  
  87  8:21  Carrier  
  93  9:08  Carrier  
  99  9:35  Stargate  
  99  9:39  Probe (Chrono Boost)  
  99  9:42  Carrier  
  106  9:50  Probe (Chrono Boost)  
  107  9:56  Pylon x2  
  107  9:58  Pylon  
  107  9:59  Protoss Air Weapons Level 2  
  107  10:00  Pylon, Probe (Chrono Boost)  
  107  10:01  Pylon x2  
  107  10:03  Pylon x2  
  107  10:04  Pylon  
  108  10:11  Carrier, Photon Cannon, Probe (Chrono Boost)  
  115  10:14  Photon Cannon  
  115  10:15  Photon Cannon  
  115  10:17  Photon Cannon  
  115  10:19  Photon Cannon  
  115  10:21  Probe (Chrono Boost)  
  115  10:23  Carrier  
  122  11:10  Carrier  
  128  11:37  Carrier x2  
  134  11:40  Protoss Shields Level 1  
  140  11:59  Protoss Air Weapons Level 3  
  132  12:36  Carrier  
  133  12:39  Pylon  
  133  12:40  Pylon  
  132  12:52  Carrier  
  132  13:02  Carrier  
Show
View Real Time Build Order
Export as new Build Order

Tofudoe Protoss 

Build Orders: Nexus First 

Get SALT Encoding   

  12  0:01  Probe (Chrono Boost)  
  13  0:11  Probe (Chrono Boost)  
  14  0:21  Pylon  
  14  0:24  Probe (Chrono Boost)  
  15  0:39  Probe (Chrono Boost)  
  16  0:58  Nexus  
  16  1:08  Gateway  
  16  1:13  Probe (Chrono Boost)  
  17  1:25  Probe (Chrono Boost)  
  18  1:31  Assimilator  
  18  1:33  Assimilator  
  18  1:35  Probe (Chrono Boost)  
  19  1:41  Pylon  
  19  1:46  Probe (Chrono Boost)  
  20  1:57  Probe (Chrono Boost)  
  20  2:00  Cybernetics Core  
  21  2:07  Probe (Chrono Boost)  
  22  2:11  Probe (Chrono Boost)  
  23  2:18  Probe (Chrono Boost)  
  24  2:25  Probe (Chrono Boost)  
  24  2:28  Probe (Chrono Boost)  
  26  2:33  Warp Gate  
  26  2:35  Pylon  
  26  2:40  Stargate  
  26  2:43  Probe x2 (Chrono Boost)  
  28  2:51  Assimilator  
  27  3:04  Probe x2 (Chrono Boost)  
  29  3:14  Probe (Chrono Boost)  
  29  3:16  Probe (Chrono Boost)  
  29  3:18  Void Ray  
  31  3:25  Probe (Chrono Boost)  
  36  3:32  Assimilator  
  36  3:35  Probe (Chrono Boost)  
  36  3:38  Stargate  
  36  3:40  Pylon  
  37  3:49  Forge, Probe (Chrono Boost)  
  37  3:53  Probe (Chrono Boost)  
  37  3:55  Void Ray  
  43  4:05  Probe x2 (Chrono Boost)  
  45  4:16  Probe (Chrono Boost)  
  46  4:21  Void Ray  
  36  4:35  Probe (Chrono Boost)  
  36  4:38  Probe (Chrono Boost)  
  35  4:40  Void Ray  
  40  4:47  Probe (Chrono Boost)  
  40  4:48  Probe (Chrono Boost)  
  40  4:52  Pylon  
  41  4:59  Probe x2 (Chrono Boost)  
  43  5:10  Probe (Chrono Boost)  
  43  5:11  Probe (Chrono Boost)  
  45  5:21  Void Ray  
  45  5:24  Probe (Chrono Boost)  
  45  5:27  Probe (Chrono Boost)  
  51  5:42  Void Ray  
  53  5:51  Probe (Chrono Boost)  
  50  6:02  Probe (Chrono Boost)  
  49  6:09  Probe (Chrono Boost)  
  50  6:19  Probe (Chrono Boost), Void Ray  
  55  6:42  Void Ray  
  55  7:09  Void Ray  
  55  7:10  Probe (Chrono Boost)  
  55  7:12  Probe (Chrono Boost)  
  61  7:21  Probe (Chrono Boost)  
  62  7:23  Probe (Chrono Boost)  
  63  7:32  Protoss Air Weapons Level 1  
  63  7:35  Void Ray  
  67  7:40  Nexus  
  67  7:42  Pylon  
  67  7:45  Pylon  
  67  7:50  Probe x2 (Chrono Boost)  
  69  8:03  Probe (Chrono Boost)  
  70  8:17  Void Ray  
  70  8:18  Void Ray  
  70  8:19  Probe (Chrono Boost)  
  79  8:27  Probe (Chrono Boost)  
  80  8:29  Pylon  
  80  8:31  Probe (Chrono Boost)  
  81  8:37  Probe (Chrono Boost)  
  82  8:42  Forge  
  82  9:12  Protoss Air Armor Level 1  
  82  9:16  Void Ray x2  
  86  9:20  Probe (Chrono Boost)  
  87  9:27  Pylon  
  88  9:31  Probe (Chrono Boost)  
  88  9:34  Fleet Beacon  
  88  9:35  Probe (Chrono Boost)  
  89  9:40  Probe (Chrono Boost)  
  89  9:41  Probe (Chrono Boost)  
  89  9:45  Probe (Chrono Boost)  
  92  9:46  Stargate  
  92  9:52  Probe (Chrono Boost)  
  93  9:56  Probe (Chrono Boost)  
  94  10:10  Void Ray  
  94  10:11  Void Ray  
  94  10:13  Probe (Chrono Boost)  
  103  10:18  Probe (Chrono Boost)  
  103  10:20  Assimilator  
  104  10:24  Probe (Chrono Boost)  
  106  10:28  Probe (Chrono Boost)  
  106  10:29  Void Ray  
  90  10:58  Void Ray x2  
  94  11:12  Protoss Air Weapons Level 2  
  90  11:25  Void Ray  
  74  11:34  Probe (Chrono Boost)  
  75  11:43  Void Ray x2  
  75  11:44  Probe (Chrono Boost)  
  84  12:06  Probe (Chrono Boost)  
  85  12:12  Stargate  
  85  12:16  Probe (Chrono Boost)  
  85  12:17  Void Ray  
  90  12:25  Assimilator  
  90  12:32  Void Ray  
  90  12:33  Void Ray  
  80  12:58  Void Ray  
  30  13:41  Nexus  
  30  13:44  Pylon  
Show
View Real Time Build Order
Export as new Build Order

Ghazi Zerg 

Build Orders: Hatch First 

Get SALT Encoding   

  12  0:01  Drone  
  13  0:12  Overlord  
  13  0:17  Drone  
  14  0:30  Drone x2  
  14  0:34  Drone  
  17  0:45  Drone  
  18  0:58  Drone  
  18  1:04  Hatchery  
  18  1:10  Drone  
  19  1:15  Spawning Pool  
  19  1:18  Extractor  
  17  1:19  Drone  
  18  1:28  Drone  
  19  1:39  Overlord  
  19  1:49  Drone  
  20  2:02  Queen  
  20  2:03  Zergling x2  
  23  2:11  Drone  
  23  2:15  Queen  
  26  2:16  Drone  
  27  2:23  Metabolic Boost  
  27  2:27  Drone  
  28  2:35  Drone  
  29  2:40  Extractor  
  28  2:54  Overlord x2  
  28  2:58  Drone x2  
  28  3:01  Hatchery  
  28  3:03  Roach Warren  
  28  3:09  Evolution Chamber  
  28  3:11  Drone  
  28  3:13  Drone x3  
  28  3:17  Overlord  
  31  3:32  Drone x2  
  33  3:35  Zerg Ground Armor Level 1  
  33  3:40  Evolution Chamber, Extractor  
  31  3:43  Drone x3  
  31  3:44  Drone  
  35  3:49  Lair  
  35  3:54  Drone, Extractor  
  35  3:57  Drone  
  35  3:58  Drone  
  37  4:10  Overlord  
  37  4:12  Zerg Missile Weapons Level 1  
  37  4:13  Roach x2  
  37  4:15  Roach  
  43  4:24  Spore Crawler  
  42  4:26  Spore Crawler  
  42  4:27  Drone  
  42  4:28  Drone  
  42  4:30  Queen  
  45  4:39  Drone x3  
  45  4:43  Spore Crawler  
  45  4:45  Roach  
  49  4:47  Roach  
  49  4:50  Roach  
  53  4:54  Glial Reconstitution  
  53  4:59  Roach  
  55  5:00  Roach  
  57  5:11  Roach x3  
  57  5:12  Roach  
  65  5:17  Drone  
  65  5:19  Overlord  
  66  5:26  Overlord  
  66  5:27  Overlord  
  66  5:34  Zerg Ground Armor Level 2  
  66  5:42  Roach x2  
  70  5:43  Roach  
  72  5:53  Roach  
  72  5:54  Roach x2  
  78  6:22  Roach x6  
  63  6:48  Roach x6  
  63  6:49  Roach x6  
  83  6:56  Overseer  
  83  6:59  Zerg Missile Weapons Level 2  
  83  7:03  Drone  
  83  7:04  Drone x2  
  86  7:13  Drone  
  86  7:14  Drone x3  
  90  7:15  Overlord  
  90  7:27  Spore Crawler  
  89  7:30  Spore Crawler  
  89  7:32  Spore Crawler  
  89  7:33  Roach  
  89  7:34  Roach x4  
  89  7:35  Overlord  
  97  8:26  Roach x4  
  105  8:28  Overlord x2  
  105  8:29  Overlord x2  
  103  8:50  Infestation Pit  
  103  8:52  Roach  
  103  8:53  Roach x10  
  94  9:11  Roach x4  
  94  9:14  Ravager  
  94  9:15  Ravager x6  
  93  9:20  Extractor  
  93  9:21  Drone x5, Extractor  
  93  9:22  Drone  
  93  9:38  Hive  
  95  9:45  Roach  
  95  9:46  Roach x5  
  105  9:54  Hatchery, Drone x3  
  105  9:55  Drone  
  105  9:56  Hatchery  
  105  9:58  Roach  
  109  10:28  Roach x3  
  111  10:29  Roach x8  
  129  10:47  Spire  
  128  11:07  Queen  
  128  11:08  Drone  
  84  12:10  Corruptor  
  84  12:11  Corruptor x11  
  88  12:15  Zerg Flyer Weapons Level 1  
  82  12:34  Spore Crawler  
  82  12:35  Zergling x18  
  82  12:36  Zergling x2  
  52  13:23  Roach  
  52  13:24  Roach x14  
  59  14:05  Corruptor x5  
  59  14:06  Corruptor x3  
  75  14:24  Hatchery  
Show
View Real Time Build Order
Export as new Build Order

Nadim Terran 

Build Orders:  

Get SALT Encoding   

  12  0:01  SCV  
  14  0:14  SCV  
  14  0:26  SCV  
  15  0:34  Supply Depot  
  15  0:56  SCV  
  16  0:58  Barracks  
  16  1:08  SCV  
  17  1:14  Supply Depot  
  17  1:20  SCV  
  17  1:25  Barracks  
  18  1:26  Refinery, Barracks  
  18  1:45  Orbital Command  
  18  2:00  Marine  
  19  2:11  SCV  
  19  2:13  Supply Depot  
  20  2:17  Reaper  
  21  2:26  Reaper  
  22  2:31  Marine  
  23  2:37  Barracks x2  
  23  3:11  Command Center  
  23  3:18  Marine x3  
  26  3:36  Marine x2  
  28  3:47  Marine  
  29  3:54  Marine  
  29  3:57  Marine  
  29  4:04  Marine  
  30  4:11  Barracks Tech Lab  
  30  4:14  Factory  
  30  4:17  Marine x3  
  30  4:18  Engineering Bay  
  33  4:39  Barracks Reactor x4  
  33  4:54  Supply Depot  
  33  5:04  Stimpack  
  33  5:12  Missile Turret  
  33  5:16  Orbital Command, Missile Turret  
  33  5:20  Marine x4  
  33  5:21  Marine  
  38  5:22  Marine x2  
  38  5:23  Marine  
  41  5:40  Supply Depot  
  41  5:51  Marine  
  41  5:52  Marine x3  
  41  5:53  SCV  
  46  6:02  Marine x3  
  49  6:14  Marine x2  
  51  6:23  Marine x5  
  50  6:35  Marine x2  
  48  6:44  Marine x4  
  48  6:45  Marine x2  
  42  6:54  Marine x3  
  42  6:58  Terran Infantry Weapons Level 1  
  45  7:10  SCV  
  45  7:12  Marine  
  47  7:17  Marine  
  47  7:18  Marine  
  47  7:22  SCV  
  46  7:31  Marine  
  46  7:32  Marine  
  46  7:35  SCV  
  49  7:39  Marine x2  
  49  7:44  Marine x3  
  51  7:47  SCV  
  55  7:59  SCV  
  56  8:06  Marine x4  
  60  8:23  Marine  
  60  8:24  Marine x4  
  65  8:33  Marine  
  65  8:34  Marine x3  
  65  8:41  Marine  
  65  8:42  Marine  
  65  8:43  Marine  
  44  8:59  Marine x3  
  47  9:17  Factory Reactor  
  47  9:18  Starport  
  47  9:22  Marine x2  
  49  9:26  Marine x3  
  52  9:36  Marine x3  
  53  10:14  Marine x4  
  54  10:17  Marine x5  
  61  10:34  Terran Infantry Armor Level 1  
  61  10:35  Marine  
  62  10:42  Marine x3  
  62  10:43  Marine  
  66  11:00  Marine  
  66  11:01  Marine x3  
  70  11:07  Marine x5  
  75  11:18  Marine x2  
  75  11:19  Marine x2  
  75  11:25  Marine x5  
  84  11:36  Marine  
  84  11:37  Marine  
  86  11:48  Marine  
  70  12:14  Marine x3  
  70  12:15  Marine x2  
  67  12:41  Marine x3  
  45  12:53  Marine  
  45  12:55  Marine x3  
  45  12:56  Marine x2  
  51  12:58  Marine  
  51  12:59  Marine x2  
  54  13:10  Marine  
  55  13:13  Marine x3  
  55  13:14  Marine x2  
  55  13:16  Marine x3  
  61  13:28  Marine  
  61  13:31  Marine x5  
  44  13:34  Marine x3  
  45  13:46  Marine  
  37  13:49  Marine x5  
  37  13:52  Marine x3  
  39  14:04  Marine  
  39  14:06  Marine  
  39  14:07  Marine x4  
  45  14:10  Marine x3  
  48  14:22  Marine  
  45  14:37  Marine x3  
  45  14:38  Marine x5  
  50  14:39  Marine  
Tags
 
Add a new tag
Caveats
  • Supply blocks, unpowered buildings, or Contaminate may cause inaccurate times.
  • Supply counts are checked every 10 seconds.